 Dungeon Crawl Stone Soup version 0.16.0-17-g811c1d7 (webtiles) character file.

1176 vatarom the Changer (level 8, -5/68 HPs)
             Began as a Troll Transmuter on Mar 21, 2015.
             Slain by an ogre
             ... wielding a +0 giant spiked club
              (31 damage)
             ... on level 6 of the Dungeon.
             The game lasted 00:11:16 (4844 turns).

vatarom the Changer (Troll Transmuter)              Turns: 4844, Time: 00:11:17

Health: -5/68      AC:  5    Str: 19    XL:     8   Next: 18%
Magic:  6/6        EV: 13    Int: 14    God:
Gold:   335        SH:  0    Dex: 10    Spells: 3 memorised, 1 level left

rFire  . . .     SeeInvis .       - Unarmed
rCold  . . .     Clarity  .     c - +0 robe
rNeg   . . .     SustAb   .     (shield restricted)
rPois  .         Gourm    +     (helmet restricted)
rElec  .         Spirit   .     (no cloak)
rCorr  .         Warding  .     (gloves unavailable)
rMut   .         Stasis   .     (boots unavailable)
MR     .....                    (no amulet)
Stlth  +.........               j - +3 ring of intelligence
                                e - +4 ring of evasion

@: not resistant to hostile enchantments, very unstealthy
A: unfitting armour, claws 3, fast metabolism 3, gourmand, regeneration 2,
shaggy fur 1, tough skin 2
a: no special abilities


You were on level 6 of the Dungeon.
You were not hungry.

You visited 1 branch of the dungeon, and saw 6 of its levels.

You collected 335 gold pieces.

Inventory:

Missiles
 b - 117 arrows
Armour
 c - a +0 robe (worn)
Jewellery
 e - a +4 ring of evasion (left claw)
 j - a +3 ring of intelligence (right claw)
 l - an uncursed ring of protection from magic {unknown}
Magical devices
 a - a wand of paralysis (4)
Scrolls
 h - 4 scrolls of remove curse
 i - a scroll of teleportation
 k - 2 scrolls of amnesia
 o - a scroll of identify
Potions
 n - a potion of curing
Books
 d - a book of Changes

   Spells                             Type                      Level
   a - Beastly Appendage              Transmutation                1
   b - Sticks to Snakes               Transmutation                2
   c - Spider Form                    Transmutation/Poison         3
   d - Ice Form                       Ice/Transmutation            4
   e - Blade Hands                    Transmutation                5
 m - a book of Death

   Spells                             Type                      Level
   a - Corpse Rot                     Necromancy                   2
   b - Sublimation of Blood           Necromancy                   2
   c - Agony                          Necromancy                   5
   d - Dispel Undead                  Necromancy                   5
   e - Excruciating Wounds            Charms/Necromancy            5
   f - Bolt of Draining               Conjuration/Necromancy       5
Comestibles
 g - 5 bread rations
 r - a meat ration


   Skills:
 - Level 0.7 Fighting
 - Level 1.5 Dodging
 - Level 3.0 Unarmed Combat
 - Level 1.2 Spellcasting
 + Level 7.6 Transmutations


You had one spell level left.
You knew the following spells:

 Your Spells              Type           Power        Failure   Level  Hunger
a - Beastly Appendage     Trmt           ###...       1%          1    ##.....
b - Spider Form           Trmt/Pois      ##........   17%         3    ####...
c - Ice Form              Ice/Trmt       ##......     58%         4    #####..


Dungeon Overview and Level Annotations

Branches:
Dungeon (6/15)
 Temple: D:4-7

Altars:
Dithmenos
Fedhas
Kikubaaqudgha
Nemelex Xobeh
Qazlal
Ru
Xom
Yredelemnul
The Shining One


Innate Abilities, Weirdness & Mutations

You are too large for most types of armour.
You have claws for hands.
Your metabolism is lightning-fast.
You like to eat raw meat.
You heal very quickly.
You are covered in fur (AC +1).
You have very tough skin (AC +2).


Message History

You scratch the orc priest but do no damage.
The ogre closely misses you.
The orc priest hits you but does no damage.
Things that are here:
a dire flail; a chain mail You scratch the orc priest but do no damage.
The orc priest mumbles some strange prayers to Beogh against you.
Pain shoots through your body!
* * * LOW HITPOINT WARNING * * *
You claw the orc priest!
The orc priest begins to bleed from its wounds!
The orc priest is almost dead.
The orc priest hits you.
* * * LOW HITPOINT WARNING * * *
The ogre hits you with a giant spiked club!
* * * LOW HITPOINT WARNING * * *
Drink which item? (? for menu, Esc to quit)
You feel much better. The orc priest completely misses you.
The ogre hits you with a giant spiked club!!
You die...

. # ##...... #...
#......# .#...
###......# ..#...
###.......## .......
####..........#
.......###.....######...
.............### #...
.......Oo..#### #...
........@.## #..#
....>.....# #..#
.....$....# ##.##
..........# #..#
........... ##..#
..........# ####..##
.......... ###......#
...................##
... ....###...#


You could see an ogre and an orc priest (bleeding).

Vanquished Creatures
  Menkaure (D:5)
  An orc warrior (D:6)
  A phantom (D:5)
  2 ogres
  Sigmund (D:2)
  A giant frog (D:6)
  A giant frog zombie (D:5)
  A giant frog skeleton (D:4)
  A hound (D:6)
  A gnoll shaman (D:4)
  A jelly (D:5)
  4 worker ants
  An iguana (D:3)
  A hound zombie (D:5)
  8 adders
  8 gnolls
  2 giant mites (D:4)
  A worm (D:5)
  A shadow imp (D:6)
  A giant gecko (D:2)
  3 oozes
  2 orcs
  17 bats
  A bat zombie (D:6)
  8 giant cockroaches
  2 gnoll zombies (D:4)
  10 goblins
  15 hobgoblins
  5 jackals
  A quokka (D:6)
  14 kobolds
  8 rats
125 creatures vanquished.

Notes
Turn   | Place    | Note
--------------------------------------------------------------
     0 | D:1      | vatarom, the Troll Transmuter, began the quest for the Orb.
     0 | D:1      | Reached XP level 1. HP: 18/18 MP: 2/2
   148 | D:1      | Reached XP level 2. HP: 21/26 MP: 2/2
   414 | D:1      | Found a sparkling altar of Nemelex Xobeh.
   696 | D:2      | Reached XP level 3. HP: 32/32 MP: 3/3
   702 | D:2      | Learned a level 3 spell: Spider Form
  1042 | D:2      | Noticed Sigmund
  1056 | D:2      | Killed Sigmund
  1056 | D:2      | Reached XP level 4. HP: 2/40 MP: 4/4
  1056 | D:2      | Reached XP level 5. HP: 2/46 MP: 4/4
  1219 | D:2      | Reached skill level 4 in Transmutations
  1268 | D:3      | Found a glowing golden altar of the Shining One.
  1451 | D:3      | Found a shadowy altar of Dithmenos.
  1472 | D:3      | You fall through a shaft for 2 floors!
  1472 | D:5      | Entered Level 5 of the Dungeon
  1672 | D:5      | Noticed Menkaure
  1690 | D:5      | Killed Menkaure
  1690 | D:5      | Reached skill level 5 in Transmutations
  1690 | D:5      | Reached XP level 6. HP: 32/54 MP: 5/5
  1718 | D:5      | Found a stormy altar of Qazlal.
  1734 | D:5      | Noticed a phantom
  1998 | D:4      | Found a sparkling altar of Nemelex Xobeh.
  2207 | D:4      | Reached skill level 6 in Transmutations
  2207 | D:4      | Reached XP level 7. HP: 13/61 MP: 5/5
  2337 | D:4      | Learned a level 4 spell: Ice Form
  2418 | D:4      | Found a basalt altar of Yredelemnul.
  2528 | D:4      | Got a brightly glowing quarterstaff
  2529 | D:4      | Identified the cursed -1 quarterstaff "Straorhai" {pain, rPois Dex+2 Stlth-} (You found it on level 4 of the Dungeon)
  3484 | D:5      | Killed a phantom
  3655 | D:5      | Found a shimmering altar of Xom.
  4199 | D:5      | Paralysed by a goblin for 4 turns
  4366 | D:6      | Reached skill level 7 in Transmutations
  4518 | D:6      | Reached XP level 8. HP: 42/68 MP: 6/6
  4623 | D:6      | Found an ancient bone altar of Kikubaaqudgha.
  4637 | D:6      | Found a blossoming altar of Fedhas.
  4726 | D:6      | Found a sacrificial altar of Ru.
  4843 | D:6      | HP: 1/68 [ogre/giant spiked club (15)]
  4844 | D:6      | Slain by an ogre

Action                   |  1- 3 |  4- 6 |  7- 9 || total
-------------------------+-------+-------+-------++-------
Melee: Unarmed           |    90 |   100 |   159 ||   349
       Quarterstaff      |       |       |     6 ||     6
 Cast: Beastly Appendage |       |     2 |     1 ||     3
  Use: Scroll            |     4 |     4 |     1 ||     9
       Potion            |     4 |     1 |     5 ||    10
 Stab: Sleeping          |     1 |       |     1 ||     2
  Eat: Meat ration       |     1 |       |     2 ||     3
       Chunk             |     5 |    13 |    11 ||    29
       Royal jelly       |       |       |     1 ||     1
